 Dungeon Crawl Stone Soup version 0.30-a0-870-gc5d4c5acee (webtiles) character file.

Game seed: 1192161074881982229

38 Grim the Slasher (level 3, -8/21 HPs)
             Began as a Tengu Reaver on Mar 11, 2023.
             Mangled by a kobold
             ... wielding a +0 whip of electrocution
              (16 damage)
             ... on level 2 of the Dungeon.
             The game lasted 00:02:04 (1272 turns).

Grim the Slasher (Tengu Reaver)                     Turns: 1272, Time: 00:02:06

Health: -8/21      AC:  3    Str: 12    XL:     3   Next: 43%
Magic:  7/7        EV: 11    Int: 15    God:
Gold:   116        SH:  0    Dex: 12    Spells: 5/6 levels left

rFire   . . .      SeeInvis .    a - +0 falchion
rCold   . . .      Faith    .    (no shield)
rNeg    . . .      Spirit   .    b - +0 leather armour
rPois   .          Reflect  .    (helmet restricted)
rElec   .          Rampage  .    (no cloak)
rCorr   +                        (no gloves)
Will    .....                    (boots unavailable)
Stlth   +                        (no amulet)
HPRegen 0.23/turn                h - ring of resist corrosion
MPRegen 0.10/turn                (no ring)

@: no status effects
A: beak, talons 3
a: no special abilities


You were on level 2 of the Dungeon.
You visited 1 branch of the dungeon, and saw 2 of its levels.

You collected 116 gold pieces.

Inventory:

Hand Weapons
 a - a +0 falchion (weapon)
Armour
 b - a +0 leather armour (worn)
Jewellery
 h - a ring of resist corrosion (left hand)
Scrolls
 c - 2 scrolls of immolation {unknown}
 e - a scroll of noise {unknown}
Potions
 d - a potion of curing
 f - a potion of lignification {unknown}
 g - a potion of invisibility {unknown}


   Skills:
 - Level 2.0 Fighting
 + Level 4.5 Long Blades
 - Level 2.1 Dodging
 - Level 2.0 Spellcasting
 - Level 4.0 Conjurations
 * Level 1.2 Necromancy


You had 5 spell levels left.
You knew the following spells:

 Your Spells              Type           Power      Damage    Failure   Level
a - Kiss of Death         Conj/Necr      36%        2d8       10%         1

Your spell library contained the following spells:

 Spells                   Type           Power      Damage    Failure   Level
 Momentum Strike          Conj/Tloc      14%        3d8       19%         2
 Hailstorm                Conj/Ice       7%         3d4       36%         3
 Ozocubu's Armour         Ice            1%         N/A       63%         3
 Freezing Cloud           Conj/Ice/Air   2%         6-21      99%         5
 Metabolic Englaciation   Hex/Ice        0%         N/A       100%        5
 Simulacrum               Ice/Necr       1%         N/A       100%        6
 Polar Vortex             Ice            0%         N/A       100%        9


Dungeon Overview and Level Annotations

Branches:
Dungeon (2/15)

Altars:


Innate Abilities, Weirdness & Mutations

You have a beak for a mouth.
You have claws for feet.


Message History

You closely miss the kobold. Your kick misses the kobold.
The kobold hits you but does no damage.
You hit the kobold but do no damage. Your kick misses the kobold.
The kobold misses you.
You hit the kobold.
You kill the kobold!
The goblin unwields a +0 club.
The goblin wields a +0 sling.
The goblin shoots a sling bullet.
The sling bullet hits you.
The goblin shoots a sling bullet.
The sling bullet barely misses you.
Items here: ! $ ( ).
A quokka comes into view.
You closely miss the goblin. You claw the goblin.
You kill the goblin!
A kobold comes into view.
It is wielding a +0 whip of electrocution.
The kobold shouts!
Things that are here:
a +0 sling; a +0 club; a goblin corpse The kobold throws a stone.
The stone barely misses you.
The quokka bites you but does no damage.
You closely miss the quokka. You claw the quokka.
You kill the quokka!
The kobold throws a stone.
The stone hits you.
The kobold hits you with a +0 whip of electrocution.
You hit the kobold. Your kick misses the kobold. Your peck misses the kobold.
The kobold is heavily wounded.
The kobold hits you but does no damage.
You are electrocuted!
Ouch! That really hurt!
* * * LOW HITPOINT WARNING * * *
You are too injured to fight recklessly!
Unknown command.
It was a potion of curing.
You feel better. The kobold hits you but does no damage.
You barely miss the kobold. Your kick misses the kobold.
The kobold is heavily wounded.
The kobold misses you.
The kobold hits you with a +0 whip of electrocution.
* * * LOW HITPOINT WARNING * * *
You are electrocuted!
Ouch! That really hurt!
You die...

####.....####
##.#.......#.##
#.............## #
...............#.#
..................
..................
.......†..........
##### ..........@K...#
#.... #......)......##
####.###
##.#.......#.###
#.##.#
##..)..####.#####.#..#
##..$## #...........#
###.## #...#.#..##.###
#...# #...#.#..##....
#...# #........#####.
#...# #.#..##....<###


You could see a kobold.

Vanquished Creatures
  A ball python (D:1)
  An endoplasm (D:1)
  9 goblins
  4 hobgoblins (D:1)
  3 jackals (D:1)
  2 kobolds
  3 quokkas
  2 bats
  2 frilled lizards (D:1)
  5 rats (D:1)
32 creatures vanquished.

Notes
Turn   | Place    | Note
-------+----------+-------------------------------------------
     0 | D:1      | Grim the Tengu Reaver began the quest for the Orb.
     0 | D:1      | Reached XP level 1. HP: 12/12 MP: 4/4
   357 | D:1      | Reached XP level 2. HP: 12/15 MP: 6/6
   719 | D:1      | Reached XP level 3. HP: 21/21 MP: 7/7
   943 | D:1      | Reached skill level 1 in Necromancy
  1270 | D:2      | HP: 1/21 [kobold/+0 whip of electrocution (15)]
  1272 | D:2      | Mangled by a kobold

Illustrated notes

Levels and vault maps discovered:
D:1:      psy_arrival_statuary, layout_loops_corners, minmay_tetromino_t2
D:2:      layout_loops_cross, nicolae_figureground_pulse

Skill      XL: |  1  2  3 |
---------------+----------+-----
Long Blades    | 4 |  4.5
Necromancy     | 1 |  1.2
Fighting       | |  2.0
Dodging        | |  2.1
Spellcasting   | |  2.0
Conjurations   | |  4.0

Action                     || total
---------------------------++-------
  Melee: Falchion          ||    64
         Kick              ||    12
         Peck              ||     4
         Punch             ||     1
   Cast: Kiss of Death     ||     1
    Use: Potion            ||     1
 Armour: Leather armour    ||    18
  Dodge: Dodged            ||    27

Table legend: (Time is in decaauts)
 A = Elapsed time spent in this place.
 B = Non-inter-level travel time spent in this place.
 C = Inter-level travel time spent in this place.
 D = Time resting spent in this place.
 E = Time spent auto-exploring this place.
 F = Levels seen in this place.
 G = Mean time per level.
                   A        B        C        D        E       F      G
               +--------+--------+--------+--------+--------+-----+--------+
         Total |   1276 |   1265 |     11 |    288 |    808 |   2 |  638.0 |
       Dungeon |   1276 |   1265 |     11 |    288 |    808 |   2 |  638.0 |
               +--------+--------+--------+--------+--------+-----+--------+

Top non-repeatable levels by time:
     D:1: 1116 daAuts
     D:2: 160 daAuts
